Construct Section Command Post
Selects Indian Artillery Battlegroup
Construct Platoon Command Post
6-pounder Anti-tank Gun Team
Selects Towed ML 4.2-inch Heavy Mortar
Unlock Bishop Self-propelled Artillery
Towed ML 4.2-inch Heavy Mortar
Bishop Self-propelled Artillery
6-pounder Anti-tank Gun Team
Selects Gurkha Rifles Section
Construct Company Command Post
Unlock M3 Grant Medium Tanks
Selects Volunteer Infantry